 Dungeon Crawl Stone Soup version 0.29.1-13-g9f3cf754e1 (webtiles) character file.

Game seed: 8759506002045480757

95196 growler the Fighter (level 15, -7/127 HPs)
             Began as a Demonspawn Wanderer on Jan 27, 2023.
             Was an Initiate of Gozag.
             Killed from afar by Aizul (24 damage)
             ... with a poison arrow
             ... on level 1 of the Snake Pit on Jan 29, 2023.
             The game lasted 01:37:40 (36828 turns).

growler the Fighter (Demonspawn Wanderer)          Turns: 36828, Time: 01:37:42

Health: -7/127     AC: 17    Str: 25    XL:     15   Next: 65%
Magic:  22/22      EV: 16    Int: 11    God:    Gozag
Gold:   4269       SH:  5    Dex: 14    Spells: 15/24 levels left

rFire   . . .      SeeInvis +   T - +9 quick blade
rCold   . . .      Faith    .   (no shield)
rNeg    . . .      Spirit   .   m - +3 leather armour {rPois}
rPois   +          Reflect  +   X - +2 helmet
rElec   .          Harm     .   V - +0 cloak
rCorr   +          Rampage  .   (no gloves)
Will    +....                   Z - +0 pair of boots
Stlth   +.........              q - amulet of reflection
HPRegen 0.31/turn               O - ring of see invisible
MPRegen 0.18/turn               J - +6 ring of strength

@: lethally poisoned (-7 -> -25)
A: yellow scales 3, powered by death 3, demonic touch 2, weak 1
a: Renounce Religion, Potion Petition, Call Merchant, Bribe Branch


You were on level 1 of the Snake Pit.
You worshipped Gozag.
Gozag was most pleased with you.
You visited 5 branches of the dungeon, and saw 24 of its levels.
You also visited: Volcano.

You collected 7138 gold pieces.
You spent 1648 gold pieces at shops.
You paid 1221 gold pieces to Gozag.

Inventory:

Hand Weapons
 p - a +3 long sword of electrocution
 P - the +6 arbalest "Damnation" {damnation}
   (You found it on level 14 of the Dungeon)

   Any ammunition fired from it explodes in a burst of damnation on striking a
   foe, dealing damage which bypasses armour.
 R - the +11 plutonium sword {Contam Stlth-}
   (You found it on level 4 of the Lair of Beasts)

   It occasionally inflicts wild transmutation effects on those it strikes,
   inflicting malmutation or extra damage, or polymorphing them into a new form.
   Contam:    It causes magical contamination when unequipped.
   Stlth:     It makes you less stealthy.
 T - a +9 quick blade (weapon)
Armour
 m - a +3 leather armour of poison resistance (worn)
 u - the +7 scale mail "Kaurown" {rElec rN+ Will+ Stlth+}
   (You bought it in a shop on level 12 of the Dungeon)

   rElec:     It insulates you from electricity.
   rN:        It protects you from negative energy.
   Will:      It increases your willpower.
   Stlth:     It makes you more stealthy.
 V - a +0 cloak (worn)
 X - a +2 helmet (worn)
 Z - a +0 pair of boots (worn)
Jewellery
 l - a ring of protection from fire
 q - an amulet of reflection (around neck)
 y - the amulet "Ferov" {Spirit rF- Int+6}
   (You found it on level 3 of the Dungeon)

   [amulet of guardian spirit]

   It causes incoming damage to be divided between your reserves of health and
   magic.
   Int:       It affects your intelligence (+6).
   rF:        It makes you vulnerable to fire.
 D - a +6 ring of intelligence
 J - a +6 ring of strength (right hand)
 M - a +6 ring of dexterity
 O - a ring of see invisible (left hand)
Wands
 b - a wand of polymorph (10)
 z - a wand of flame (86)
 I - a wand of mindburst (33)
 K - a wand of acid (12)
 N - a wand of roots (15)
 Q - a wand of charming (8)
Scrolls
 a - 2 scrolls of vulnerability
 g - 2 scrolls of enchant armour
 h - 3 scrolls of teleportation
 k - 6 scrolls of butterflies
 n - 4 scrolls of amnesia
 s - 3 scrolls of enchant weapon
 w - a scroll of silence
 x - 9 scrolls of identify
 C - 4 scrolls of magic mapping
 E - 4 scrolls of fear
 F - 4 scrolls of immolation
 G - 2 scrolls of summoning
 H - 2 scrolls of noise
 L - 3 scrolls of poison
 S - a scroll of torment
 W - a scroll of blinking
Potions
 c - a potion of haste
 e - a potion of resistance
 f - 8 potions of curing
 i - 2 potions of invisibility
 j - a potion of berserk rage
 o - 3 potions of heal wounds
 r - 5 potions of might
 t - 4 potions of attraction
 v - a potion of mutation
 A - 3 potions of brilliance
 B - 6 potions of lignification
 U - 10 potions of ambrosia
 Y - 2 potions of magic
Miscellaneous
 d - a piece from Xom's chessboard (15/15)


   Skills:
 + Level 14.9 Fighting
 - Level 10.0(11.7) Short Blades
 + Level 9.8(11.6) Long Blades
 - Level 4.5 Axes
 - Level 10.0 Armour
 - Level 9.0 Dodging
 - Level 1.0 Stealth
 - Level 5.0 Spellcasting
 - Level 7.0 Conjurations
 - Level 7.0 Necromancy
 - Level 7.0 Earth Magic
 - Level 1.0 Evocations


You had 15 spell levels left.
You knew the following spells:

 Your Spells              Type           Power      Damage    Failure   Level
a - Necrotise             Necr           72%        1d7       1%          1
b - Stone Arrow           Conj/Erth      36%        3d9       4%          3
c - Borgnjor's Vile Clut  Necr/Erth      9%         N/A       36%         5

Your spell library contained the following spells:

 Spells                   Type           Power      Damage    Failure   Level
 Sublimation of Blood     Necr           18%        N/A       1%          2
 Vampiric Draining        Necr           18%        2d7       4%          3
 Passwall                 Tmut/Erth      8%         N/A       9%          2
 Conjure Flame            Conj/Fire      10%        6-21      17%         3
 Slow                     Hex            8%         N/A       24%         1
 Sting                    Tmut/Pois      8%         1d3       24%         1
 Ensorcelled Hibernation  Hex/Ice        4%         N/A       34%         2
 Poisonous Vapours        Pois/Air       4%         N/A       34%         2
 Wereblood                Tmut           2%         N/A       34%         2
 Iskenderun's Battlesphe  Conj           18%        2d7       36%         5
 Lee's Rapid Deconstruct  Erth           9%         3d8*      36%         5
 Animate Armour           Summ/Erth      20%        N/A       50%         4
 Fulminant Prism          Conj/Hex       5%         3d7       50%         4
 Hailstorm                Conj/Ice       10%        3d5       50%         4
 Iskenderun's Mystic Bla  Conj/Tloc      10%        2d4       50%         4
 Petrify                  Tmut/Erth      10%        N/A       50%         4
 Sticky Flame             Conj/Fire      10%        2d3       50%         4
 Confusing Touch          Hex            2%         N/A       56%         3
 Gell's Gravitas          Tloc           2%         N/A       56%         3
 Ignite Poison            Fire/Tmut/Pois 2%         N/A       56%         3
 Ozocubu's Armour         Ice            2%         N/A       56%         3
 Swiftness                Air            2%         N/A       56%         3
 Teleport Other           Tloc           2%         N/A       56%         3
 Tukima's Dance           Hex            2%         N/A       56%         3
 Fireball                 Conj/Fire      5%         3d5       83%         5
 Irradiate                Conj/Tmut      5%         3d13      83%         5
 Ice Form                 Ice/Tmut       2%         N/A       93%         4
 Olgreb's Toxic Radiance  Pois           2%         N/A       93%         4
 Passage of Golubria      Tloc           2%         N/A       93%         4
 Alistair's Intoxication  Tmut/Pois      1%         N/A       100%        5
 Blade Hands              Tmut           1%         N/A       100%        5
 Summon Forest            Summ/Tloc      1%         N/A       100%        5
 Yara's Violent Unravell  Hex/Tmut       1%         3d3       100%        5
 Conjure Ball Lightning   Conj/Air       5%         3x3d6     100%        6
 Dispersal                Tloc           1%         N/A       100%        6
 Eringya's Noxious Bog    Tmut/Pois      1%         N/A       100%        6
 Statue Form              Tmut/Erth      6%         N/A       100%        6
 Dragon Form              Tmut           1%         N/A       100%        7
 Orb of Destruction       Conj           9%         9d6       100%        7
 Ozocubu's Refrigeration  Ice            1%         4d7       100%        7
 Summon Hydra             Summ           1%         N/A       100%        7
 Lehudib's Crystal Spear  Conj/Erth      9%         10d4      100%        8
 Shatter                  Erth           9%         3d11*     100%        9
 Simulacrum               Ice/Necr       Unusable   N/A       N/A         6

Dungeon Overview and Level Annotations

Branches:
Dungeon (15/15)            Temple (1/1) D:5            Lair (5/5) D:8
 Shoals (0/4) Lair:3        Snake (1/4) Lair:2        Slime (0/5) Lair:4
    Orc (2/2) D:10            Elf (0/3) Orc:2        Vaults (0/5) D:13
 Depths (0/4) D:15        Volcano (visited)

Altars:
Cheibriados
Dithmenos
Fedhas
Gozag
Hepliaklqana
Kikubaaqudgha
Makhleb
Nemelex Xobeh
Qazlal
Ru
Sif Muna
Trog
Uskayaw
Vehumet
Wu Jian
Xom
Yredelemnul

Shops:
D:6 (   D:12 ![!   Orc:2 *:[([(

Annotations:
D:5 1 transporter
D:9 2 runed translucent doors
Snake:1 3 runed translucent doors, Aizul; Hehankyrann's ghost, journeyman MeFE; Metoemy's ghost, journeyman GrFi; redcrux's ghost, adept MiFi; sleeves's ghost, adept BaSu


Innate Abilities, Weirdness & Mutations

You are completely covered in yellow scales. (AC +4, rCorr)
You regenerate a lot of health from kills.
Your touch may inflict irresistible damage on your foes.
You are weak. (Str -2)


Message History

You partially resist.
You closely miss Aizul.
Aizul is severely wounded.
You feel sick.
You puncture Aizul!
Aizul is severely wounded.
You feel sick.
Aizul coils herself and waves her upper body at you.
The bolt of poison hits you but does no damage.
You resist.
You hit Aizul but do no damage.
Aizul is severely wounded.
You feel sick.
You barely miss Aizul.
Aizul is severely wounded.
You miss Aizul.
You touch Aizul!
Aizul is almost dead.
You feel sick. Aizul casts a spell at you. The bolt of poison hits you.
You resist.
* * * LOW HITPOINT WARNING * * *
You hit Aizul.
Aizul is almost dead.
You miss Aizul.
Aizul is almost dead.
You feel sick. Aizul casts a spell at you. The bolt of poison hits you!
You resist.
* * * LOW HITPOINT WARNING * * *
You miss Aizul. Your touch misses Aizul.
Aizul is almost dead.
You hit Aizul.
Aizul is almost dead.
You feel sick. Aizul casts a spell at you. The poison arrow hits you!!
You are lethally poisoned!
You partially resist.
You die...
Your body crumbles into a pile of gold.

. ..W+....# #.#
##.......
...+..#.## #.#
##........
..W#..##.# #.#
#...##.... ...#.
##.##.#
#.#######. )8)##
#....# ##)# #.
###
#....######.##
#. ###........##
##. #.S.#.####
##.. ##@#.##
#..# #..## ##.##
$ ##)## #..#
##...#######
#..#
.###).........##
#.##
#......).....).#
#.##
##..##....##...#
#..# ###
###.......#
##..#
##.....)###..##


You could see Aizul.

Vanquished Creatures
  Jorgrun (Snake:1)
  Rupert (D:13)
  An orc warlord (Orc:2)
  A caustic shrike skeleton (D:15)
  Nessos (D:15)
  Snorg (D:10)
  Josephine (D:13)
  3 boulder beetles
  A catoblepas (D:14)
  An ice dragon (Lair:5)
  8 hydras
  An anaconda (Lair:2)
  2 naga warriors (Snake:1)
  6 centaur warriors
  4 two-headed ogres
  2 naga sharpshooters (Snake:1)
  A death knight (D:14)
  2 orc high priests (Orc:2)
  4 tengu warriors
  6 death yaks
  A shock serpent (Snake:1)
  Sonja (Lair:4)
  Amaemon (Lair:1)
  A goliath frog (Lair:5)
  An iron troll (D:13)
  3 skeletal warriors (D:14)
  A shadow wraith (D:13)
  A salamander mystic (Volcano)
  A phantasmal warrior (D:14)
  2 deep trolls (Orc:2)
  A necromancer (D:14)
  2 orc knights (Orc:2)
  5 deep elf pyromancers
  5 orc sorcerers
  A sphinx zombie (D:15)
  4 ugly things (D:14)
  2 salamanders
  A shining eye (shapeshifter) (D:13)
  2 manticores (D:13)
  2 cyclopes (D:12)
  A merfolk siren (Lair:3)
  A black mamba (shapeshifter) (D:11)
  An ice statue (Lair:5)
  6 elephants (Lair:1)
  A naga mage (Snake:1)
  6 black mambas
  20 cane toads
  An orange demon (Lair:1)
  A hellion (D:14)
  2 kobold demonologists (D:9)
  2 spriggan zombies (D:15)
  3 efreet (D:14)
  2 freezing wraiths (D:14)
  A rime drake (Lair:3)
  6 tengu conjurers (D:13)
  10 komodo dragons
  4 polar bears
  A queen bee (Lair:2)
  10 trolls
  A guardian mummy (D:15)
  2 tyrant leeches (Lair:5)
  4 hornets
  A wind drake (shapeshifter) (D:15)
  6 dream sheep (Lair:2)
  14 blink frogs
  21 yaks
  A shadow (D:12)
  3 wyverns
  5 basilisks
  4 wraiths
  Grum (D:8)
  9 vampire mosquitoes
  Menkaure (D:4)
  4 wargs
  3 nagas (Snake:1)
  Duvessa (D:6)
  12 water moccasins
  26 orc warriors
  4 black bears
  11 ice beasts
  A sky beast (D:6)
  8 ogres
  10 wolves
  13 centaurs
  A phantom (D:6)
  7 kobold brigands
  15 bullfrogs
  2 gnoll sergeants (D:8)
  A scorpion (D:7)
  9 wights
  Dowan (D:6)
  30 killer bees
  8 electric eels
  3 howler monkeys (D:7)
  6 hounds
  2 jellies
  2 gnoll boudas
  21 orc priests
  3 iguanas
  28 orc wizards
  Terence (D:3)
  19 gnolls
  5 adders
  A shadow imp (D:7)
  3 white imps
  An ufetubus (D:6)
  4 worms
  A dart slug (D:5)
  96 orcs
  8 endoplasms
  4 giant cockroaches
  11 goblins
  5 hobgoblins
  4 jackals
  47 kobolds
  6 quokkas
  6 ball pythons
  2 bats (D:1)
  2 frilled lizards
  8 rats
704 creatures vanquished.

Vanquished Creatures (collateral kills)
  Roxanne (D:14)
  A centaur warrior (D:14)
2 creatures vanquished.

Vanquished Creatures (others)
  An ugly thing (D:15)
  A human (D:4)
  34 fungi
  156 plants
  4 withered plants (D:15)
196 creatures vanquished.

Grand Total: 902 creatures vanquished

Notes
Turn   | Place    | Note
-------+----------+-------------------------------------------
     0 | D:1      | growler the Demonspawn Wanderer began the quest for the
                  | Orb.
     0 | D:1      | growler set off with the following items: a +2 hand axe, a
                  | wand of polymorph (7), a potion of haste, a +0 leather
                  | armour; and the following spell memorised: Necrotise; and
                  | the following spells available to memorise: Vampiric
                  | Draining.
     0 | D:1      | Reached XP level 1. HP: 13/13 MP: 2/2
   330 | D:1      | Reached skill level 1 in Fighting
   540 | D:1      | Found a faded altar of an unknown god.
   541 | D:1      | Noticed a great orb of eyes
   548 | D:1      | Noticed a golden eye
   552 | D:1      | Noticed a floating eye
   552 | D:1      | Noticed a golden eye
   574 | D:1      | Gained mutation: You are partially covered in yellow
                  | scales. (AC +2) [demonic ancestry]
   574 | D:1      | Reached XP level 2. HP: 22/22 MP: 3/3
   805 | D:2      | Reached skill level 2 in Fighting
   970 | D:2      | Gained mutation: Your touch may inflict minor irresistible
                  | damage on your foes. [demonic ancestry]
   970 | D:2      | Reached XP level 3. HP: 20/28 MP: 4/4
  1232 | D:2      | Reached skill level 3 in Fighting
  2017 | D:3      | Noticed Terence
  2022 | D:3      | Killed Terence
  2023 | D:3      | Reached skill level 1 in Short Blades
  2023 | D:3      | Reached XP level 4. HP: 19/35 MP: 5/5
  2563 | D:3      | Reached XP level 5. HP: 21/41 MP: 6/6
  3236 | D:3      | Identified the amulet "Ferov" {Spirit rF- Int+6}
  3934 | D:4      | Noticed a black bear
  3949 | D:4      | Killed a black bear
  3950 | D:4      | Gained mutation: You are mostly covered in yellow scales.
                  | (AC +3) [demonic ancestry]
  3950 | D:4      | Reached XP level 6. HP: 42/47 MP: 7/7
  3963 | D:4      | Reached skill level 5 in Short Blades
  4297 | D:4      | Noticed Menkaure
  4302 | D:4      | Killed Menkaure
  4489 | D:4      | Found an ancient bone altar of Kikubaaqudgha.
  4492 | D:4      | Noticed a human
  4494 | D:4      | Killed a human
  4564 | D:5      | Entered Level 5 of the Dungeon
  4573 | D:4      | Gained mutation: You regenerate a little health from kills.
                  | [demonic ancestry]
  4573 | D:4      | Reached XP level 7. HP: 28/52 MP: 8/8
  4781 | D:5      | Found a radiant altar of Vehumet.
  5060 | D:5      | You fall into a shaft and drop 2 floors!
  5086 | D:7      | Gained mutation: Your touch may inflict irresistible damage
                  | on your foes. [demonic ancestry]
  5086 | D:7      | Reached XP level 8. HP: 50/58 MP: 9/9
  5178 | D:7      | Noticed a hornet
  5202 | D:7      | Killed a hornet
  5700 | D:6      | Reached skill level 10 in Short Blades
  5808 | D:6      | Reached skill level 1 in Long Blades
  5889 | D:5      | Reached XP level 9. HP: 48/64 MP: 10/10
  6094 | D:5      | Found a staircase to the Ecumenical Temple.
  6110 | D:5      | Found a sparkling altar of Nemelex Xobeh.
  6110 | D:5      | Found a transporter.
  6125 | Temple   | Entered the Ecumenical Temple
  6165 | Temple   | Became a worshipper of Gozag Ym Sagoz the Greedy
  6220 | D:5      | Found a blossoming altar of Fedhas.
  6286 | D:5      | Found a basalt altar of Yredelemnul.
  6286 | D:5      | Found a stormy altar of Qazlal.
  6323 | D:5      | Found a shimmering blue altar of Sif Muna.
  6556 | D:6      | Learned a level 3 spell: Stone Arrow
  6610 | D:6      | Found Pitye's Antique Weapon Shop.
  6641 | D:6      | Reached skill level 1 in Conjurations
  6714 | D:6      | Reached skill level 1 in Earth Magic
  6956 | D:6      | Noticed Duvessa
  6956 | D:6      | Noticed Dowan
  6970 | D:6      | Killed Duvessa
  6982 | D:6      | Killed Dowan
  7887 | D:7      | Found an ornate altar of the Wu Jian Council.
  8026 | D:8      | Noticed a troll
  8429 | D:8      | Noticed Grum
  8892 | D:8      | Killed Grum
  9333 | D:8      | Gained mutation: You regenerate health from kills. [demonic
                  | ancestry]
  9333 | D:8      | Reached XP level 10. HP: 70/70 MP: 16/16
  9825 | D:8      | Reached skill level 5 in Conjurations
  9962 | D:8      | Reached skill level 5 in Earth Magic
  9997 | D:8      | Found a staircase to the Lair.
 10323 | D:8      | Noticed a two-headed ogre
 10334 | D:8      | Killed a two-headed ogre
 10828 | D:9      | Noticed a sixfirhy
 10858 | D:9      | Noticed an orange demon
 10871 | D:9      | Reached skill level 5 in Spellcasting
 11312 | D:9      | Found a large runed translucent door.
 11314 | D:9      | Found a large runed translucent door.
 11596 | D:9      | Found a hazy altar of Hepliaklqana.
 12178 | D:10     | Entered Level 10 of the Dungeon
 12307 | D:10     | Noticed a two-headed ogre
 12318 | D:10     | Killed a two-headed ogre
 12319 | D:10     | Reached skill level 1 in Armour
 12319 | D:10     | Gained mutation: You are completely covered in yellow
                  | scales. (AC +4, rCorr) [demonic ancestry]
 12319 | D:10     | Reached XP level 11. HP: 34/75 MP: 9/18
 12626 | D:10     | Noticed a two-headed ogre
 12633 | D:10     | Killed a two-headed ogre
 12634 | D:10     | Reached skill level 4 in Fighting
 12961 | D:10     | Found a staircase to the Orcish Mines.
 13204 | D:10     | Found a shadowy altar of Dithmenos.
 13254 | D:10     | Noticed Snorg
 13266 | D:10     | Killed Snorg
 13267 | D:10     | Reached skill level 5 in Fighting
 13267 | D:10     | Found a hide-covered altar of Uskayaw.
 13890 | D:11     | Noticed an eight-headed hydra
 13972 | D:11     | Killed an eight-headed hydra
 14344 | D:11     | Reached skill level 6 in Fighting
 14955 | Lair:1   | Entered Level 1 of the Lair of Beasts
 15045 | Lair:1   | Reached skill level 5 in Armour
 15214 | Lair:1   | Noticed an eight-headed hydra
 15225 | Lair:1   | Killed an eight-headed hydra
 15226 | Lair:1   | Reached skill level 7 in Fighting
 15524 | Lair:1   | Reached skill level 8 in Fighting
 15524 | Lair:1   | Reached XP level 12. HP: 46/92 MP: 12/19
 16037 | Lair:1   | Noticed an eight-headed hydra
 16046 | Lair:1   | Killed an eight-headed hydra
 16094 | Lair:1   | Noticed Amaemon
 16133 | Lair:1   | Killed Amaemon
 16134 | Lair:1   | Reached skill level 9 in Fighting
 17131 | Lair:2   | Noticed a death yak
 17131 | Lair:2   | Noticed a death yak
 17132 | Lair:2   | Noticed a death yak
 17132 | Lair:2   | Noticed a death yak
 17132 | Lair:2   | Noticed a death yak
 17138 | Lair:2   | Noticed a death yak
 17614 | Lair:1   | Killed a death yak
 18143 | Lair:2   | Reached skill level 10 in Fighting
 18147 | Lair:2   | Found a staircase to the Snake Pit.
 18165 | Lair:2   | HP: 2/97 [dream sheep (5)]
 19000 | Lair:2   | Killed a death yak
 19343 | Lair:1   | Killed a death yak
 19440 | Lair:1   | Killed a death yak
 19629 | Lair:2   | Killed a death yak
 19997 | Lair:2   | Reached skill level 11 in Fighting
 19997 | Lair:2   | Reached XP level 13. HP: 67/106 MP: 20/20
 20888 | Lair:3   | Found a dark tunnel.
 20913 | Lair:3   | Reached skill level 10 in Armour
 20919 | Volcano  | Entered a volcano
 20988 | Volcano  | Found a bloodstained altar of Trog.
 21034 | Volcano  | Reached skill level 1 in Dodging
 21503 | Lair:3   | Found a staircase to the Shoals.
 22061 | Lair:4   | Noticed Sonja
 22301 | Lair:5   | Entered Level 5 of the Lair of Beasts
 22687 | Lair:4   | Found the +11 plutonium sword {Contam Stlth-}
 22909 | Lair:4   | Found a staircase to the Slime Pits.
 23279 | Lair:4   | Killed Sonja
 24090 | Lair:5   | Reached skill level 12 in Fighting
 24736 | Lair:4   | Identified a scroll of acquirement
 24737 | Lair:4   | Acquired a +5 quick blade
 25054 | Lair:5   | Reached skill level 5 in Long Blades
 26220 | Lair:5   | Reached skill level 5 in Dodging
 26470 | Lair:5   | Gained mutation: You regenerate a lot of health from kills.
                  | [demonic ancestry]
 26470 | Lair:5   | Reached XP level 14. HP: 106/116 MP: 16/21
 26511 | Lair:5   | Identified the +1 ring mail of Xasa {Int-4 Dex+4}
 27569 | Orc:1    | Entered Level 1 of the Orcish Mines
 27891 | Orc:1    | Reached skill level 13 in Fighting
 28113 | Orc:2    | Entered Level 2 of the Orcish Mines
 28113 | Orc:2    | Found a staircase to the Elven Halls.
 28149 | Orc:2    | Found Peecod Hourr's Weapon Boutique.
 28524 | Orc:2    | Found Jahu Jor's Antique Armour Emporium.
 29283 | Orc:2    | Noticed an orc warlord
 29348 | Orc:2    | Killed an orc warlord
 29387 | Orc:2    | Found Uvor's Antique Weapon Emporium.
 29404 | Orc:2    | Found Miykyl's Antique Armour Shoppe.
 29599 | Orc:2    | Found Akeej's Book Emporium.
 29615 | Orc:2    | Bought Great Wizards, Vol. II for 418 gold pieces
 29621 | Orc:2    | Learned a level 5 spell: Borgnjor's Vile Clutch
 29701 | Orc:2    | Found Ejuehyets's General Store.
 30159 | D:12     | Found Ivepledaf's Distillery.
 30256 | D:12     | Found Seehir's Armour Shop.
 30265 | D:12     | Bought the +7 scale mail "Kaurown" {rElec rN+ Will+ Stlth+}
                  | for 852 gold pieces
 30293 | D:12     | Found Nozxot's Distillery.
 30681 | D:13     | Noticed Rupert
 30709 | D:13     | Killed Rupert
 31202 | D:13     | Reached skill level 5 in Necromancy
 31268 | D:13     | Noticed Josephine
 31282 | D:13     | Reached skill level 14 in Fighting
 31317 | D:13     | Gained mutation: You are weak. (Str -2) [a shining eye]
 31329 | D:13     | Killed Josephine
 31361 | D:13     | Found a gate to the Vaults.
 31667 | D:14     | Found the +6 arbalest "Damnation" {damnation}
 31688 | D:14     | Reached XP level 15. HP: 114/126 MP: 22/22
 31903 | D:14     | Identified Roxanne's Omnibus of Minerals
 31903 | D:14     | Noticed Roxanne
 31934 | D:14     | Killed Roxanne
 33383 | D:15     | Entered Level 15 of the Dungeon
 33388 | D:15     | Found a staircase to the Depths.
 33483 | D:15     | Noticed Nessos
 34525 | D:15     | Killed Nessos
 35300 | Orc:2    | Bought a +3 leather armour of poison resistance for 378
                  | gold pieces
 35512 | Snake:1  | Entered Level 1 of the Snake Pit
 35532 | Snake:1  | Noticed Jorgrun
 35550 | Snake:1  | Killed Jorgrun
 36452 | Snake:1  | Noticed Aizul
 36477 | Snake:1  | Found a runed translucent gate.
 36477 | Snake:1  | Found a runed translucent gate.
 36478 | Snake:1  | Found a runed translucent gate.
 36478 | Snake:1  | Noticed redcrux's ghost (adept MiFi)
 36479 | Snake:1  | Noticed sleeves's ghost (adept BaSu)
 36480 | Snake:1  | Noticed Metoemy's ghost (journeyman GrFi)
 36481 | Snake:1  | Found the +10 dark maul {vorpal}
 36481 | Snake:1  | Noticed Hehankyrann's ghost (journeyman MeFE)
 36510 | Lair:2   | HP: 3/127 [constriction (4)]
 36828 | Snake:1  | Killed from afar by Aizul

Illustrated notes

Levels and vault maps discovered:
D:1:      saegor_arrival_fortress, layout_basic,
          hellmonk_ecumenical_altar_watching_god, minmay_heptomino_o4
D:2:      layout_loops_ring, minmay_ruptured
D:3:      layout_loops_cross, kennysheep_flooded_box, uniq_terence
D:4:      layout_loops_ring, tgw_kikubaaqudgha, chequers_serial_rivers_large_a,
          grunt_ministairs_9, minivault_25, minmay_bisected, uniq_menkaure
D:5:      layout_rooms, grunt_nemelex_the_gamble,
          gammafunk_temple_overflow_wave, overflow_temple_1_default,
          mainiacjoe_overflow_alcove_4, led_sif_pool, temple_statues,
          st_stairs_13
D:6:      layout_basic, serial_shops, nicolae_shop_overgrown_old_shop,
          nrook_campfire, uniq_duvessa
D:7:      layout_basic, nzn_wu_jian_council_hall, hellmonk_bongcloud_opening,
          minivault_25
D:8:      layout_layer_cave, erik_lair_island, uniq_grum
D:9:      layout_small_grid, worldfamousw_hep_ancestral_shrine,
          jmf_multi_god_temple2, serial_bayou, serial_bayou_crossing,
          serial_bayou_pond_c, serial_bayou_pond_c, serial_bayou_lagoon_b
D:10:     layout_stronghold, mainiacjoe_overflow_catwalk, lemuel_doored_altar,
          erik_orc_4, uniq_snorg
D:11:     layout_layer_cave
D:12:     layout_rooms, serial_shops, kennysheep_mini, shop, shop
D:13:     layout_cave_pools, david_vaults_4, kb_tengu_band, uniq_rupert,
          uniq_josephine
D:14:     layout_rooms, serial_aquarium, aquarium_bridge_long_separate
          [aquarium_subvault_bridge, aquarium_subvault_wall,
          aquarium_subvault_balcony, aquarium_subvault_bridge,
          aquarium_subvault_wall, aquarium_subvault_window],
          aquarium_bridge_square [aquarium_subvault_bridge,
          aquarium_subvault_window, aquarium_subvault_wall,
          aquarium_subvault_bridge], aquarium_window_fake,
          aquarium_window_double, aquarium_view_2f, aquarium_view_2c,
          aquarium_balcony_double_4, aquarium_pool_2, minivault_24,
          minivault_10, hellmonk_guarded_unrand_damnation, uniq_roxanne
D:15:     gammafunk_depths_entry_grave, layout_cave_pools, uniq_nessos
Temple:   nicolae_temple_ecumenical_triangle
Lair:1:   layout_chaotic_city, uniq_amaemon
Lair:2:   layout_gridlike, minmay_snake_entry_six_corridors,
          gauntlet_entry_generic, special_room [special_room_bee],
          chequers_serial_rivers_room_b, serial_bayou_pond_a
Lair:3:   layout_hall_layers, elwin_shoals_entry_rooms,
          nicolae_volcano_entry_lava_flow, nicolae_quartered_pool_little,
          grunt_megastairs_2
Lair:4:   layout_hall_layers, dpeg_slime_entry_corner, uniq_sonja
Lair:5:   minmay_lair_end_frog_pond, layout_regular_city, ice2_lemuel
Snake:1:  layout_layer_cave, gammafunk_ghost_cemetery, uniq_jorgrun,
          uniq_azrael, uniq_aizul, uniq_kirke, uniq_agnes
Orc:1:    layout_diamond_mine, basic_altar
Orc:2:    grunt_orc_community_town_hall, layout_caves,
          grunt_orc_community_big_house_2, grunt_orc_community_big_house_2,
          grunt_orc_community_house_1, grunt_orc_community_house_1,
          grunt_orc_community_house_3, grunt_orc_community_house_1,
          guppyfry_orc_lava_fort

Skill      XL: |  1  2  3  4  5  6  7  8  9 10 11 12 13 14 15 |
---------------+----------------------------------------------+-----
Fighting       | 1 2 3 8 11 12 14 | 14.9
Short Blades   | 1 3 4 5 7 10 | 10.0
Long Blades    | 2 3 6 8 9 |  9.8
Conjurations   | 4 7 |  7.0
Earth Magic    | 3 7 |  7.0
Spellcasting   | 4 5 |  5.0
Armour         | 1 6 9 10 | 10.0
Dodging        | 5 7 9 |  9.0
Necromancy     | 5 7 |  7.0
Axes           | |  4.5
Stealth        | |  1.0
Evocations     | |  1.0

Action                   |  1- 3 |  4- 6 |  7- 9 | 10-12 | 13-15 || total
-------------------------+-------+-------+-------+-------+-------++-------
Melee: Hand axe          |    87 |       |       |       |       ||    87
       Short sword       |    14 |    53 |       |       |       ||    67
       Touch             |     6 |    24 |    76 |   222 |   494 ||   822
       Punch             |       |     2 |    13 |     9 |    31 ||    55
       Dagger            |       |    75 |   457 |  1000 |   368 ||  1900
       Quick blade       |       |       |       |       |  1785 ||  1785
 Cast: Stone Arrow       |       |       |       |    64 |    49 ||   113
Invok: Potion Petition   |       |       |       |     1 |     3 ||     4
Evoke: Wand              |       |       |     1 |    17 |    16 ||    34
  Use: Scroll            |       |     2 |     7 |    14 |    17 ||    40
       Potion            |       |       |       |     5 |     7 ||    12
 Stab: Distracted        |       |       |     1 |     4 |     7 ||    12
       Invisible         |       |       |       |     4 |       ||     4
       Sleeping          |       |       |       |       |     1 ||     1
Armor: Leather armour    |    39 |       |       |       |    21 ||    60
       Ring mail         |       |    52 |   171 |   462 |   260 ||   945
       Scale mail        |       |       |       |       |   246 ||   246
Dodge: Dodged            |    65 |    55 |   167 |   438 |   534 ||  1259
Block: Other             |       |       |       |       |   179 ||   179
       Reflection        |       |       |       |       |    21 ||    21
